TOP OF THE 1ST |
Hendersonville Hitmen batting - Pitching for New Orleans Looters : RHP Gennarino Lucchetti
|
Pitching: RHP Gennarino Lucchetti
|
|
Batting: RHB Eduardo García
|
0-0: Ball 1-0: Fly out, F8 (Flyball, 89S)
|
Batting: LHB Lorenzo Quintanilla
|
0-0: Ball 1-0: Called Strike 1-1: Called Strike 1-2: Ball 2-2: Fly out, F7 (Flyball, 7S)
|
Batting: RHB Manolo Román
|
0-0: Called Strike 0-1: Ball 1-1: Called Strike 1-2: Ball 2-2: Foul Ball, location: 2F 2-2: Strikes out looking
|
Top of the 1st over - 0 run(s), 0 hit(s), 0 error(s), 0 left on base; Hendersonville 0 - New Orleans 0 |
BOTTOM OF THE 1ST |
New Orleans Looters batting - Pitching for Hendersonville Hitmen : RHP Won-min Im
|
Pitching: RHP Won-min Im
|
|
Batting: RHB José Mora
|
0-0: Ball 1-0: Foul Ball, location: 2F 1-1: Swinging Strike 1-2: Ball 2-2: Strikes out swinging
|
Batting: RHB Stephen Shaw
|
0-0: Ball 1-0: Ball 2-0: Ball 3-0: Called Strike 3-1: Base on Balls
|
Batting: LHB Taylor Smith
|
0-0: Called Strike 0-1: Fly out, F6 (Popup, 6D)
|
Batting: LHB Luis Sánchez
|
0-0: Ball 1-0: Ball 2-0: Ball 3-0: Base on Balls Stephen Shaw to second
|
Batting: RHB Francisco Ibarra
|
0-0: Called Strike 0-1: Foul Ball, location: 2F 0-2: Ball 1-2: Foul Ball, location: 2F 1-2: Ground out 2-3 (Groundball, 13S)
|
Bottom of the 1st over - 0 run(s), 0 hit(s), 0 error(s), 2 left on base; Hendersonville 0 - New Orleans 0 |
TOP OF THE 2ND |
Hendersonville Hitmen batting - Pitching for New Orleans Looters : RHP Gennarino Lucchetti
|
Batting: LHB Tony Abete
|
0-0: Called Strike 0-1: Ball 1-1: Foul Ball, location: 2F 1-2: Strikes out swinging
|
Batting: RHB Robert Buckley
|
0-0: Ball 1-0: Called Strike 1-1: Ball 2-1: SINGLE (Flyball, 89S)
|
Batting: RHB Felipe Rivera
|
0-0: Ball 1-0: Called Strike 1-1: Swinging Strike 1-2: Ball 2-2: Strikes out swinging
|
Batting: RHB Bill Mark
|
0-0: Called Strike 0-1: Ball 1-1: Called Strike 1-2: Fly out, F8 (Flyball, 8LXD)
|
Top of the 2nd over - 0 run(s), 1 hit(s), 0 error(s), 1 left on base; Hendersonville 0 - New Orleans 0 |
BOTTOM OF THE 2ND |
New Orleans Looters batting - Pitching for Hendersonville Hitmen : RHP Won-min Im
|
Batting: SHB Nate Rhodes
|
0-0: Ball 1-0: Ball 2-0: Ball 3-0: Called Strike 3-1: Ground out U3 (Groundball, 3L)
|
Batting: LHB Justino Salas
|
0-0: Called Strike 0-1: Ball 1-1: Ball 2-1: Fly out, F9 (Flyball, 89M)
|
Batting: RHB Dave O'Loan
|
0-0: Ball 1-0: Swinging Strike 1-1: Ball 2-1: Swinging Strike 2-2: Strikes out looking
|
Bottom of the 2nd over - 0 run(s), 0 hit(s), 0 error(s), 0 left on base; Hendersonville 0 - New Orleans 0 |
TOP OF THE 3RD |
Hendersonville Hitmen batting - Pitching for New Orleans Looters : RHP Gennarino Lucchetti
|
Batting: RHB Taylor McFarland
|
0-0: Called Strike 0-1: Foul Ball, location: 2F 0-2: Ball 1-2: Foul Ball, location: 2F 1-2: Ball 2-2: Ball 3-2: Foul Ball, location: 2F 3-2: Ground out 6-3 (Groundball, 6)
|
Batting: RHB Robert Bly
|
0-0: Ball 1-0: Ball 2-0: Ground out 6-3 (Groundball, 6)
|
Batting: RHB Eduardo García
|
0-0: Ball 1-0: Called Strike 1-1: Swinging Strike 1-2: Foul Ball, location: 2F 1-2: Strikes out swinging
|
Top of the 3rd over - 0 run(s), 0 hit(s), 0 error(s), 0 left on base; Hendersonville 0 - New Orleans 0 |
BOTTOM OF THE 3RD |
New Orleans Looters batting - Pitching for Hendersonville Hitmen : RHP Won-min Im
|
Batting: RHB John Anderson
|
0-0: Ground out 4-3 (Groundball, 4)
|
Batting: RHB José Mora
|
0-0: SINGLE (Groundball, 34D)
|
Batting: RHB Stephen Shaw
|
0-0: Called Strike 0-1: Foul Ball, location: 2F 0-2: Fly out, F7 (Flyball, 7LM)
|
Batting: LHB Taylor Smith
|
0-0: Ball 1-0: Fly out, F8 (Flyball, 89XD)
|
Bottom of the 3rd over - 0 run(s), 1 hit(s), 0 error(s), 1 left on base; Hendersonville 0 - New Orleans 0 |
TOP OF THE 4TH |
Hendersonville Hitmen batting - Pitching for New Orleans Looters : RHP Gennarino Lucchetti
|
Batting: LHB Lorenzo Quintanilla
|
0-0: Foul Ball, location: 2F 0-1: Swinging Strike 0-2: Foul Ball, location: 2F 0-2: SOLO HOME RUN (Flyball, 7D), Distance : 387 ft
|
Batting: RHB Manolo Román
|
0-0: Fly out, F7 (Flyball, 78M)
|
Batting: LHB Tony Abete
|
0-0: Ball 1-0: Foul Ball, location: 2F 1-1: Called Strike 1-2: Strikes out swinging
|
Batting: RHB Robert Buckley
|
0-0: Foul Ball, location: 2F 0-1: Ball 1-1: Ground out 3-1 (Groundball, 34)
|
Top of the 4th over - 1 run(s), 1 hit(s), 0 error(s), 0 left on base; Hendersonville 1 - New Orleans 0 |
BOTTOM OF THE 4TH |
New Orleans Looters batting - Pitching for Hendersonville Hitmen : RHP Won-min Im
|
Batting: LHB Luis Sánchez
|
0-0: Foul Ball, location: 2F 0-1: Foul Ball, location: 2F 0-2: Ball 1-2: SINGLE (Groundball, 3D)
|
Batting: RHB Francisco Ibarra
|
0-0: Ball 1-0: Called Strike 1-1: Ground out U3 (Groundball, 3S) Luis Sánchez to second
|
Batting: SHB Nate Rhodes
|
0-0: Ball 1-0: Ball 2-0: Foul Ball, location: 2F 2-1: Ground out 4-3 (Groundball, 4S) Luis Sánchez to third
|
Batting: LHB Justino Salas
|
0-0: Ball 1-0: Ball 2-0: Called Strike 2-1: Ball 3-1: Base on Balls
|
Batting: RHB Dave O'Loan
|
0-0: Ball 1-0: Ball 2-0: Ball 3-0: Called Strike 3-1: Base on Balls Justino Salas to second
|
Batting: RHB John Anderson
|
Balk! Luis Sánchez scores Justino Salas to third Dave O'Loan to second 0-0: Ground out 6-3 (Groundball, 6M)
|
Bottom of the 4th over - 1 run(s), 1 hit(s), 0 error(s), 2 left on base; Hendersonville 1 - New Orleans 1 |
TOP OF THE 5TH |
Hendersonville Hitmen batting - Pitching for New Orleans Looters : RHP Gennarino Lucchetti
|
Batting: RHB Felipe Rivera
|
0-0: Ball 1-0: Foul Ball, location: 2F 1-1: Ball 2-1: Ball 3-1: Foul Ball, location: 2F 3-2: Fly out, F7 (Line Drive, 78S)
|
Batting: RHB Bill Mark
|
0-0: Ball 1-0: Foul Ball, location: 2F 1-1: Called Strike 1-2: Ground out 5-3 (Groundball, 56)
|
Batting: RHB Taylor McFarland
|
0-0: Ball 1-0: Ball 2-0: SINGLE (Line Drive, 9LM)
|
Batting: RHB Robert Bly
|
0-0: Ball 1-0: Called Strike 1-1: Ball 2-1: Foul Ball, location: 2F 2-2: Strikes out swinging
|
Top of the 5th over - 0 run(s), 1 hit(s), 0 error(s), 1 left on base; Hendersonville 1 - New Orleans 1 |
BOTTOM OF THE 5TH |
New Orleans Looters batting - Pitching for Hendersonville Hitmen : RHP Won-min Im
|
Batting: RHB José Mora
|
0-0: Ball 1-0: SINGLE (Line Drive, 89S)
|
Batting: RHB Stephen Shaw
|
0-0: Called Strike 0-1: Foul Ball, location: 2F 0-2: Ball 1-2: Ground out 5-3 (Groundball, 5S) José Mora to second
|
Batting: LHB Taylor Smith
|
0-0: Ball 1-0: Ball 2-0: Ball 3-0: Called Strike 3-1: Foul Ball, location: 2F 3-2: DOUBLE (Flyball, 78XD) José Mora scores
|
Batting: LHB Luis Sánchez
|
0-0: Foul Ball, location: 2F 0-1: SINGLE (Flyball, 78S) Taylor Smith to third Runner from 3rd tries for Home, SAFE, throw made home Luis Sánchez to second
|
Batting: RHB Francisco Ibarra
|
0-0: Ground out 1-3 (Groundball, 13S) Luis Sánchez to third
|
Batting: SHB Nate Rhodes
|
0-0: Ball 1-0: Called Strike 1-1: Ball 2-1: Foul Ball, location: 2F 2-2: Ball 3-2: Fly out, F5 (Popup, 56)
|
Bottom of the 5th over - 2 run(s), 3 hit(s), 0 error(s), 1 left on base; Hendersonville 1 - New Orleans 3 |
TOP OF THE 6TH |
Hendersonville Hitmen batting - Pitching for New Orleans Looters : RHP Gennarino Lucchetti
|
Batting: RHB Eduardo García
|
0-0: Foul Ball, location: 2F 0-1: Ball 1-1: Ground out 4-3 (Groundball, 4)
|
Batting: LHB Lorenzo Quintanilla
|
0-0: Called Strike 0-1: Ball 1-1: Foul Ball, location: 2F 1-2: Ground out 5-3 (Groundball, 56)
|
Batting: RHB Manolo Román
|
0-0: Ball 1-0: Ball 2-0: Ball 3-0: Base on Balls
|
Batting: LHB Tony Abete
|
0-0: Called Strike 0-1: Ball 1-1: Foul Ball, location: 2F 1-2: Ball 2-2: Foul Ball, location: 2F 2-2: SINGLE (Groundball, 34D) (infield hit) Manolo Román to second
|
Batting: RHB Robert Buckley
|
0-0: Called Strike 0-1: Fly out, F6 (Popup, 6MD)
|
Top of the 6th over - 0 run(s), 1 hit(s), 0 error(s), 2 left on base; Hendersonville 1 - New Orleans 3 |
BOTTOM OF THE 6TH |
New Orleans Looters batting - Pitching for Hendersonville Hitmen : RHP Won-min Im
|
Batting: LHB Justino Salas
|
0-0: Ball 1-0: Called Strike 1-1: Foul Ball, location: 2F 1-2: Ball 2-2: Foul Ball, location: 2F 2-2: Strikes out swinging
|
Batting: RHB Dave O'Loan
|
0-0: Ball 1-0: Foul Ball, location: 2F 1-1: Ground out 6-3 (Groundball, 56)
|
Batting: RHB John Anderson
|
0-0: Called Strike 0-1: SINGLE (Groundball, 56D)
|
Batting: RHB José Mora
|
0-0: Ball 1-0: Ground out 1-3 (Groundball, 15)
|
Bottom of the 6th over - 0 run(s), 1 hit(s), 0 error(s), 1 left on base; Hendersonville 1 - New Orleans 3 |
TOP OF THE 7TH |
Hendersonville Hitmen batting - Pitching for New Orleans Looters : RHP Gennarino Lucchetti
|
Batting: RHB Felipe Rivera
|
0-0: Ball 1-0: Foul Ball, location: 2F 1-1: Ball 2-1: Swinging Strike 2-2: Ball 3-2: Foul Ball, location: 2F 3-2: DOUBLE (Line Drive, 5L)
|
Pitching: LHP Tadao Yoshida
|
|
Batting: RHB Bill Mark
|
0-0: Called Strike 0-1: Ball Wild Pitch! Felipe Rivera to third 1-1: Called Strike 1-2: Ball 2-2: SINGLE (Line Drive, 56) Felipe Rivera scores
|
Batting: RHB Taylor McFarland
|
0-0: Called Strike Pickoff Throw by Catcher to First - Error! E2 Bill Mark to second 0-1: Ground out 4-3 (Groundball, 4) Bill Mark to third
|
Batting: RHB Robert Bly
|
0-0: Called Strike 0-1: Ball 1-1: Fly out, F8 (Flyball, 89S)
|
Batting: RHB Eduardo García
|
0-0: Called Strike 0-1: Ball 1-1: Fly out, F9 (Flyball, 89S)
|
Top of the 7th over - 1 run(s), 2 hit(s), 1 error(s), 1 left on base; Hendersonville 2 - New Orleans 3 |
BOTTOM OF THE 7TH |
New Orleans Looters batting - Pitching for Hendersonville Hitmen : RHP Won-min Im
|
Pitching: LHP Alfonso Ramos
|
|
Batting: RHB Stephen Shaw
|
0-0: Ball 1-0: Ball 2-0: Called Strike 2-1: Called Strike 2-2: Fly out, F8 (Flyball, 4MD)
|
Batting: LHB Taylor Smith
|
0-0: Foul Ball, location: 2F 0-1: Swinging Strike 0-2: Ball 1-2: Ball 2-2: SINGLE (Line Drive, 89S)
|
Pinch Hitting: RHB Luis Alou
|
0-0: Ball 1-0: Swinging Strike 1-1: Ball 2-1: Ball 3-1: Foul Ball, location: 2F 3-2: Fly out, F9 (Popup, 34D)
|
Batting: RHB Francisco Ibarra
|
0-0: Called Strike 0-1: Called Strike 0-2: Foul Ball, location: 2F 0-2: Ball 1-2: Ball 2-2: Strikes out swinging
|
Bottom of the 7th over - 0 run(s), 1 hit(s), 0 error(s), 1 left on base; Hendersonville 2 - New Orleans 3 |
TOP OF THE 8TH |
Hendersonville Hitmen batting - Pitching for New Orleans Looters : LHP Tadao Yoshida
|
Now in RF: Luis Alou
|
|
Batting: LHB Lorenzo Quintanilla
|
0-0: Ball 1-0: Called Strike 1-1: Ball 2-1: Foul Ball, location: 2F 2-2: Strikes out looking
|
Pitching: RHP Ienobu Sato
|
|
Batting: RHB Manolo Román
|
0-0: Called Strike 0-1: Fly out, F7 (Flyball, 7LS)
|
Batting: LHB Tony Abete
|
0-0: Ball 1-0: Called Strike 1-1: Ball 2-1: Foul Ball, location: 2F 2-2: Strikes out swinging
|
Top of the 8th over - 0 run(s), 0 hit(s), 0 error(s), 0 left on base; Hendersonville 2 - New Orleans 3 |
BOTTOM OF THE 8TH |
New Orleans Looters batting - Pitching for Hendersonville Hitmen : LHP Alfonso Ramos
|
Batting: SHB Nate Rhodes
|
0-0: Foul Ball, location: 2F 0-1: Swinging Strike 0-2: Ball 1-2: Ball 2-2: Ball 3-2: Fly out, F3 (Popup, 23F)
|
Batting: LHB Justino Salas
|
0-0: Hit by Pitch
|
Batting: RHB Dave O'Loan
|
0-0: Called Strike 0-1: Ball 1-1: Foul Ball, location: 2F 1-2: Fly out, F7 (Flyball, 7LM)
|
Batting: RHB John Anderson
|
0-0: Ball 1-0: Ball 2-0: Ball 3-0: Base on Balls Justino Salas to second
|
Pitching: RHP Francisco Carrasco
|
|
Pinch Hitting: LHB Francisco Vega
|
0-0: Called Strike 0-1: Swinging Strike 0-2: Ball 1-2: Ball 2-2: Foul Ball, location: 2F 2-2: Strikes out looking
|
Bottom of the 8th over - 0 run(s), 0 hit(s), 0 error(s), 2 left on base; Hendersonville 2 - New Orleans 3 |
TOP OF THE 9TH |
Hendersonville Hitmen batting - Pitching for New Orleans Looters : RHP Ienobu Sato
|
Pitching: LHP Juan Méndez
|
|
Now at 3B: Tim Gardner
|
|
Batting: RHB Robert Buckley
|
0-0: Ball 1-0: SINGLE (Line Drive, 3)
|
Batting: RHB Felipe Rivera
|
0-0: Ball 1-0: Sac Bunt - play at first, batter OUT! 1-4 Robert Buckley to second
|
Batting: RHB Bill Mark
|
0-0: Fly out, F8 (Flyball, 89XD) Runner from 2nd tags up, SAFE at 3rd, no throw
|
Batting: RHB Taylor McFarland
|
0-0: Fly out, F8 (Flyball, 89M)
|
Top of the 9th over - 0 run(s), 1 hit(s), 0 error(s), 1 left on base; Hendersonville 2 - New Orleans 3 |
|